DSL
LOS ANGELES N (DSL) DODGERS @ COLORADO (DSL) ROCKIES
08/12/2024
 
TOP OF THE 1ST
Los Angeles N (DSL) Dodgers batting - Pitching for Colorado (DSL) Rockies : RHP Johan Moreno
Pitching: RHP Johan Moreno
Batting: LHB David Guzman 0-0: Ball
1-0: Called Strike
1-1: Ball
2-1: Ball
3-1: Ground out 6-3 (Groundball, 6, EV 106.9 MPH)
Batting: RHB Miguel Perez 0-0: Ball
1-0: Called Strike
1-1: Ball
2-1: Ball
3-1: Base on Balls
Batting: RHB Hansel Otamendi 0-0: Ball
1-0: Ball
2-0: Ball
3-0: Called Strike
3-1: Called Strike
3-2: Foul Ball, location: 2LF
3-2: SINGLE (Groundball, 34D, EV 94.4 MPH)
Miguel Perez to second
Batting: RHB Wilfredo Lara 0-0: Ball
1-0: Called Strike
1-1: Called Strike
1-2: Strikes out swinging
Batting: SHB Jhorvic Abreus 0-0: Ball
1-0: Ground out 1-3 (Groundball, 15S, EV 71.3 MPH)
Top of the 1st over - 0 runs, 1 hit, 0 errors, 2 left on base; Los Angeles N (DSL) 0 - Colorado (DSL) 0
BOTTOM OF THE 1ST
Colorado (DSL) Rockies batting - Pitching for Los Angeles N (DSL) Dodgers : RHP Benjamin Arias
Pitching: RHP Benjamin Arias
Batting: SHB Johnny Ascanio 0-0: Foul Ball, location: 7LSFF
0-1: Ball
1-1: Ground out 5-3 (Groundball, 5L, EV 86.9 MPH)
Batting: SHB Rafhlmil Torres 0-0: Ball
1-0: Swinging Strike
1-1: Called Strike
1-2: Strikes out swinging
Batting: LHB Carlos Monteverde 0-0: Ball
1-0: Ball
2-0: Ball
3-0: Base on Balls
Batting: RHB Ricardo Toro 0-0: SINGLE (Groundball, 23, EV 73.1 MPH) (infield hit)
Carlos Monteverde to second
Batting: LHB Jancory De La Cruz 0-0: Ball
1-0: Ball
2-0: Ball
3-0: Base on Balls
Carlos Monteverde to third
Ricardo Toro to second
Batting: RHB Sergio Mejias 0-0: Called Strike
0-1: Ball
1-1: Fly out, F2 (Popup, 2R, EV 91.3 MPH)
Bottom of the 1st over - 0 runs, 1 hit, 0 errors, 3 left on base; Los Angeles N (DSL) 0 - Colorado (DSL) 0
TOP OF THE 2ND
Los Angeles N (DSL) Dodgers batting - Pitching for Colorado (DSL) Rockies : RHP Johan Moreno
Batting: RHB Juan Ortega 0-0: Ball
1-0: Foul Ball, location: 7LSF
1-1: Ball
2-1: Foul Ball, location: 25FF
2-2: Strikes out swinging
Batting: LHB Vladi Gomez 0-0: Swinging Strike
0-1: Ball
1-1: Foul Ball, location: 9LSFF
1-2: Strikes out looking
Batting: RHB Edison Isabella 0-0: Called Strike
0-1: Foul Ball, location: 5FF
0-2: Foul Ball, location: 3F
0-2: Ball
1-2: Strikes out looking
Top of the 2nd over - 0 runs, 0 hits, 0 errors, 0 left on base; Los Angeles N (DSL) 0 - Colorado (DSL) 0
BOTTOM OF THE 2ND
Colorado (DSL) Rockies batting - Pitching for Los Angeles N (DSL) Dodgers : RHP Benjamin Arias
Batting: LHB Adrian Hoyte 0-0: Called Strike
0-1: Foul Ball, location: 7LDF
0-2: Strikes out swinging, 2-3 out at first.
Batting: RHB Luis Hernandez 0-0: Foul Ball, location: 5F
0-1: Foul Ball, location: 7LMF
0-2: Foul Ball, location: 3F
0-2: Ball
1-2: Ball
2-2: Strikes out swinging
Batting: RHB Luis Arredondo 0-0: Ball
1-0: Fly out, F7 (Flyball, 7D, EV 105.6 MPH)
Bottom of the 2nd over - 0 runs, 0 hits, 0 errors, 0 left on base; Los Angeles N (DSL) 0 - Colorado (DSL) 0
TOP OF THE 3RD
Los Angeles N (DSL) Dodgers batting - Pitching for Colorado (DSL) Rockies : RHP Johan Moreno
Batting: RHB Reynaldo De La Paz 0-0: Ball
1-0: Swinging Strike
1-1: Ball
2-1: Ball
3-1: Base on Balls
Batting: LHB David Guzman 0-0: Ball
1-0: Swinging Strike
Reynaldo De La Paz steals 2nd, throwing error, E2
Reynaldo De La Paz to third
1-1: Foul Ball, location: 2F
1-2: Fly out, F9 (Line Drive, 9LS, EV 94.4 MPH)
Batting: RHB Miguel Perez 0-0: SINGLE (Groundball, 34S, EV 66.9 MPH) (infield hit)
Batting: RHB Hansel Otamendi 0-0: Swinging Strike
0-1: Ball
1-1: Ball
2-1: Foul Ball, location: 9LDF
2-2: Foul Ball, location: 5F
2-2: Ball
3-2: Base on Balls
Miguel Perez to second
Batting: RHB Wilfredo Lara 0-0: Ball
1-0: Called Strike
1-1: Called Strike
1-2: Ball
2-2: Foul Ball, location: 23F
2-2: Foul Ball, location: 3SF
2-2: Ball
3-2: Base on Balls
Reynaldo De La Paz scores
Miguel Perez to third
Hansel Otamendi to second
Batting: SHB Jhorvic Abreus 0-0: Ball
1-0: Ball
2-0: Foul Ball, location: 2RF
2-1: Ball
3-1: Base on Balls
Miguel Perez scores
Hansel Otamendi to third
Wilfredo Lara to second
Batting: RHB Juan Ortega 0-0: SINGLE (Line Drive, 78S, EV 111.3 MPH)
Hansel Otamendi scores
Wilfredo Lara to third
Jhorvic Abreus to second
Batting: LHB Vladi Gomez 0-0: Called Strike
0-1: Ball
1-1: Ball
2-1: Foul Ball, location: 23FF
2-2: Ball
3-2: Foul Ball, location: 3F
3-2: Base on Balls
Wilfredo Lara scores
Jhorvic Abreus to third
Juan Ortega to second
Batting: RHB Edison Isabella 0-0: Ball
1-0: Ball
2-0: Fly out, F9 (Flyball, 9LM, EV 96.3 MPH)
Runner from 3rd tags up, SCORES, no throw by RF
Pitching: RHP Enderson Garcia
Batting: RHB Reynaldo De La Paz 0-0: Foul Ball, location: 3SF
0-1: Ball
1-1: Called Strike
1-2: Strikes out swinging
Top of the 3rd over - 5 runs, 2 hits, 1 error, 2 left on base; Los Angeles N (DSL) 5 - Colorado (DSL) 0
BOTTOM OF THE 3RD
Colorado (DSL) Rockies batting - Pitching for Los Angeles N (DSL) Dodgers : RHP Benjamin Arias
Batting: SHB Johnny Ascanio 0-0: Called Strike
0-1: Ball
1-1: Foul Ball, location: 7LDF
1-2: Foul Ball, location: 5F
1-2: Reached on error, E5 (Groundball, 56, EV 81.3 MPH)
Batting: SHB Rafhlmil Torres 0-0: Called Strike
0-1: Ball
1-1: Foul Ball, location: 5SF
1-2: Foul Ball, location: 7LSF
1-2: Foul Ball, location: 23FF
1-2: Strikes out swinging
Batting: LHB Carlos Monteverde 0-0: Ball
1-0: Ball
2-0: Foul Ball, location: 2F
2-1: 2-RUN HOME RUN (Flyball, 9LD, EV 90.0 MPH), Distance : 340 ft
Batting: RHB Ricardo Toro 0-0: Ball
1-0: SINGLE (Groundball, 6MD, EV 99.4 MPH)
Batting: LHB Jancory De La Cruz 0-0: Called Strike
0-1: Fly out, F8 (Flyball, 8LS, EV 91.3 MPH)
Batting: RHB Sergio Mejias 0-0: Called Strike
0-1: Ball
1-1: Foul Ball, location: 25FF
1-2: Strikes out looking
Bottom of the 3rd over - 2 runs, 2 hits, 1 error, 1 left on base; Los Angeles N (DSL) 5 - Colorado (DSL) 2
TOP OF THE 4TH
Los Angeles N (DSL) Dodgers batting - Pitching for Colorado (DSL) Rockies : RHP Enderson Garcia
Batting: LHB David Guzman 0-0: Ground out 4-3 (Groundball, 4, EV 86.9 MPH)
Batting: RHB Miguel Perez 0-0: Called Strike
0-1: Ball
1-1: Ball
2-1: SINGLE (Line Drive, 89M, EV 106.9 MPH)
Batting: RHB Hansel Otamendi 0-0: Ball
1-0: Foul Ball, location: 3DF
1-1: Swinging Strike
1-2: Ball
2-2: Strikes out swinging
Batting: RHB Wilfredo Lara 0-0: Called Strike
0-1: Fly out, F8 (Flyball, 78M, EV 88.1 MPH)
Top of the 4th over - 0 runs, 1 hit, 0 errors, 1 left on base; Los Angeles N (DSL) 5 - Colorado (DSL) 2
BOTTOM OF THE 4TH
Colorado (DSL) Rockies batting - Pitching for Los Angeles N (DSL) Dodgers : RHP Benjamin Arias
Batting: LHB Adrian Hoyte 0-0: Ball
1-0: Swinging Strike
1-1: Called Strike
1-2: Strikes out swinging
Batting: RHB Luis Hernandez 0-0: Called Strike
0-1: Ball
1-1: Foul Ball, location: 5DF
1-2: Foul Ball, location: 9LSF
1-2: Ball
2-2: Ball
3-2: Ground out 4-3 (Groundball, 4, EV 101.9 MPH)
Batting: RHB Luis Arredondo 0-0: Swinging Strike
0-1: SINGLE (Groundball, 4MD, EV 97.5 MPH)
Batting: SHB Johnny Ascanio 0-0: Ball
1-0: Foul Ball, location: 2F
1-1: Ball
2-1: Foul Ball, location: 3F
2-2: 2-RUN HOME RUN (Flyball, 89XD, EV 99.4 MPH), Distance : 391 ft
Batting: SHB Rafhlmil Torres 0-0: Ball
1-0: Ball
2-0: Foul Ball, location: 3F
2-1: Ball
3-1: Foul Ball, location: 23FF
3-2: Foul Ball, location: 5F
3-2: Foul Ball, location: 2F
3-2: Base on Balls
Batting: LHB Carlos Monteverde 0-0: Ball
1-0: DOUBLE (Groundball, 3L, EV 105.6 MPH)
Rafhlmil Torres to third
Runner from 3rd tries for Home, SAFE, throw by RF to home
Pitching: RHP Fray Morelo
Batting: RHB Ricardo Toro 0-0: Ball
1-0: Foul Ball, location: 5DF
1-1: Called Strike
1-2: Strikes out swinging
Bottom of the 4th over - 3 runs, 3 hits, 0 errors, 1 left on base; Los Angeles N (DSL) 5 - Colorado (DSL) 5
TOP OF THE 5TH
Los Angeles N (DSL) Dodgers batting - Pitching for Colorado (DSL) Rockies : RHP Enderson Garcia
Batting: SHB Jhorvic Abreus 0-0: Ball
1-0: DOUBLE (Line Drive, 7LD, EV 100.0 MPH)
Batting: RHB Juan Ortega 0-0: Ball
1-0: Ball
Wild Pitch!
Jhorvic Abreus to third
2-0: Ball
3-0: Base on Balls
Batting: LHB Vladi Gomez 0-0: Ball
1-0: Called Strike
1-1: Ball
2-1: Called Strike
2-2: Ball
3-2: Strikes out looking
Batting: RHB Edison Isabella 0-0: Ball
1-0: SINGLE (Groundball, 5D, EV 100.6 MPH) (infield hit)
Jhorvic Abreus scores
Juan Ortega to second
Batting: RHB Reynaldo De La Paz 0-0: Ball
1-0: Ball
2-0: Called Strike
2-1: Ball
3-1: Called Strike
3-2: Fielders Choice at 2nd, 6-4 (Groundball, 6, EV 96.9 MPH)
Juan Ortega to third
Batting: LHB David Guzman 0-0: Ball
1-0: Swinging Strike
1-1: Foul Ball, location: 3SF
1-2: Strikes out swinging
Top of the 5th over - 1 run, 2 hits, 0 errors, 2 left on base; Los Angeles N (DSL) 6 - Colorado (DSL) 5
BOTTOM OF THE 5TH
Colorado (DSL) Rockies batting - Pitching for Los Angeles N (DSL) Dodgers : RHP Fray Morelo
Batting: LHB Jancory De La Cruz 0-0: Called Strike
0-1: Foul Ball, location: 5F
0-2: Foul Ball, location: 3F
0-2: Strikes out swinging
Pinch Hitting: RHB Edwardo Espinal 0-0: Ball
1-0: Ball
2-0: Called Strike
2-1: Foul Ball, location: 25FF
2-2: SINGLE (Line Drive, 78S, EV 105.6 MPH)
Batting: LHB Adrian Hoyte 0-0: Fly out, F4 (Popup, 4M, EV 50.6 MPH)
Batting: RHB Luis Hernandez 0-0: Ball
1-0: SINGLE (Groundball, 13, EV 85.0 MPH) (infield hit)
Edwardo Espinal to second
Batting: RHB Luis Arredondo 0-0: Ball
1-0: SINGLE (Line Drive, 89S, EV 88.8 MPH)
Edwardo Espinal to third
Luis Hernandez to second
Runner from 3rd tries for Home, throw by RF and OUT! 9-2
Bottom of the 5th over - 0 runs, 3 hits, 0 errors, 2 left on base; Los Angeles N (DSL) 6 - Colorado (DSL) 5
TOP OF THE 6TH
Los Angeles N (DSL) Dodgers batting - Pitching for Colorado (DSL) Rockies : RHP Enderson Garcia
Now in RF: Edwardo Espinal
Batting: RHB Miguel Perez 0-0: Called Strike
0-1: Ball
1-1: SINGLE (Line Drive, 8LS, EV 98.1 MPH)
Batting: RHB Hansel Otamendi 0-0: Called Strike
0-1: SINGLE (Groundball, 6MD, EV 80.0 MPH) (infield hit)
Miguel Perez to second
Batting: RHB Wilfredo Lara 0-0: Ball
1-0: Ball
2-0: Foul Ball, location: 9LDF
2-1: Ball
3-1: Foul Ball, location: 2F
3-2: Base on Balls
Miguel Perez to third
Hansel Otamendi to second
Batting: SHB Jhorvic Abreus 0-0: Ball
1-0: Swinging Strike
1-1: Ball
2-1: Ball
3-1: Base on Balls
Miguel Perez scores
Hansel Otamendi to third
Wilfredo Lara to second
Batting: RHB Juan Ortega 0-0: Ball
1-0: Grounds into fielders choice 6-2 (Groundball, 6, EV 83.1 MPH)
Wilfredo Lara to third
Jhorvic Abreus to second
Batting: LHB Vladi Gomez 0-0: Ball
1-0: Ball
2-0: SINGLE (Line Drive, 9S, EV 95.0 MPH)
Wilfredo Lara scores
Jhorvic Abreus to third
Juan Ortega to second
Pitching: RHP Gabriel Estrada
Batting: RHB Edison Isabella 0-0: Ball
1-0: SINGLE (Groundball, 34, EV 98.1 MPH)
Jhorvic Abreus scores
Juan Ortega to third
Vladi Gomez to second
Batting: RHB Reynaldo De La Paz 0-0: Called Strike
0-1: Grounds into fielders choice 3-2 (Groundball, 34, EV 107.5 MPH)
Vladi Gomez to third
Edison Isabella to second
Batting: LHB David Guzman 0-0: Ball
1-0: Called Strike
1-1: Ground out 4-3 (Groundball, 4, EV 97.5 MPH)
Top of the 6th over - 3 runs, 4 hits, 0 errors, 3 left on base; Los Angeles N (DSL) 9 - Colorado (DSL) 5
BOTTOM OF THE 6TH
Colorado (DSL) Rockies batting - Pitching for Los Angeles N (DSL) Dodgers : RHP Fray Morelo
Batting: SHB Johnny Ascanio 0-0: Foul Ball, location: 9LMF
0-1: Called Strike
0-2: Ball
1-2: Foul Ball, location: 5SF
1-2: SINGLE (Line Drive, 7S, EV 110.0 MPH)
Batting: SHB Rafhlmil Torres 0-0: Foul Ball, location: 25F
0-1: Ball
1-1: Fly out, F7 (Flyball, 7, EV 94.4 MPH)
Batting: LHB Carlos Monteverde 0-0: Called Strike
0-1: Swinging Strike
0-2: Fly out, F5 (Popup, 5S, EV 74.4 MPH)
Batting: RHB Ricardo Toro 0-0: Ball
1-0: Fly out, F6 (Popup, 6MS, EV 68.8 MPH)
Bottom of the 6th over - 0 runs, 1 hit, 0 errors, 1 left on base; Los Angeles N (DSL) 9 - Colorado (DSL) 5
TOP OF THE 7TH
Los Angeles N (DSL) Dodgers batting - Pitching for Colorado (DSL) Rockies : RHP Gabriel Estrada
Batting: RHB Miguel Perez 0-0: Fly out, F8 (Line Drive, 8RM, EV 95.0 MPH)
Batting: RHB Hansel Otamendi 0-0: Ball
1-0: Ball
2-0: Called Strike
2-1: Foul Ball, location: 7LMF
2-2: Ground out 1-3 (Groundball, 13, EV 66.9 MPH)
Batting: RHB Wilfredo Lara 0-0: Ball
1-0: Ball
2-0: Called Strike
2-1: Ground out 5-3 (Groundball, 5D, EV 98.1 MPH)
Top of the 7th over - 0 runs, 0 hits, 0 errors, 0 left on base; Los Angeles N (DSL) 9 - Colorado (DSL) 5
BOTTOM OF THE 7TH
Colorado (DSL) Rockies batting - Pitching for Los Angeles N (DSL) Dodgers : RHP Fray Morelo
Pitching: RHP Haminton Mendez
Batting: LHB Jancory De La Cruz 0-0: Ground out U3 (Groundball, 3, EV 88.1 MPH)
Batting: RHB Edwardo Espinal 0-0: Called Strike
0-1: Ball
1-1: Foul Ball, location: 23FF
1-2: SINGLE (Groundball, 6MD, EV 98.8 MPH)
Batting: LHB Adrian Hoyte 0-0: Ball
1-0: Called Strike
1-1: Ball
2-1: Ball
3-1: Called Strike
3-2: Base on Balls
Edwardo Espinal to second
Batting: RHB Luis Hernandez 0-0: Ball
1-0: Called Strike
1-1: Foul Ball, location: 3SF
1-2: Foul Ball, location: 9LMF
1-2: Strikes out swinging
Batting: RHB Luis Arredondo 0-0: Called Strike
0-1: Swinging Strike
0-2: Foul Ball, location: 9LMF
0-2: Strikes out swinging
Bottom of the 7th over - 0 runs, 1 hit, 0 errors, 2 left on base; Los Angeles N (DSL) 9 - Colorado (DSL) 5
TOP OF THE 8TH
Los Angeles N (DSL) Dodgers batting - Pitching for Colorado (DSL) Rockies : RHP Gabriel Estrada
Batting: SHB Jhorvic Abreus 0-0: Called Strike
0-1: SINGLE (Line Drive, 7S, EV 100.0 MPH)
Batting: RHB Juan Ortega 0-0: Ball
1-0: Ball
2-0: Ball
3-0: Called Strike
3-1: Base on Balls
Jhorvic Abreus to second
Batting: LHB Vladi Gomez 0-0: Called Strike
0-1: Bunted foul
0-2: Ball
1-2: Fly out, F7 (Line Drive, 78M, EV 93.1 MPH)
Batting: RHB Edison Isabella 0-0: Foul Ball, location: 23FF
0-1: Ball
1-1: Ball
2-1: Ball
3-1: SINGLE (Groundball, 34D, EV 101.9 MPH)
Jhorvic Abreus to third
Juan Ortega to second
Runner from 3rd tries for Home, SAFE, throw by RF to home
Batting: RHB Reynaldo De La Paz 0-0: Ball
1-0: Swinging Strike
1-1: 3-RUN HOME RUN (Flyball, 7D, EV 95.0 MPH), Distance : 352 ft
Batting: LHB David Guzman 0-0: Ball
1-0: Ball
2-0: Ball
3-0: Base on Balls
Batting: RHB Miguel Perez 0-0: Ball
1-0: SINGLE (Groundball, 4MD, EV 102.5 MPH)
David Guzman to second
Runner from 2nd tries for 3rd, OUT! 8-5
Miguel Perez to second
Batting: RHB Hansel Otamendi 0-0: Ball
1-0: Ball
2-0: Ball
3-0: Base on Balls
Batting: RHB Wilfredo Lara 0-0: 3-RUN HOME RUN (Flyball, 7LD, EV 92.5 MPH), Distance : 348 ft
Pitching: RHP Jose Marcano
Batting: SHB Jhorvic Abreus 0-0: Called Strike
0-1: Foul Ball, location: 2F
0-2: Strikes out swinging, 2-3 out at first.
Top of the 8th over - 7 runs, 5 hits, 0 errors, 0 left on base; Los Angeles N (DSL) 16 - Colorado (DSL) 5
BOTTOM OF THE 8TH
Colorado (DSL) Rockies batting - Pitching for Los Angeles N (DSL) Dodgers : RHP Haminton Mendez
Batting: SHB Johnny Ascanio 0-0: Foul Ball, location: 23FF
0-1: SINGLE (Groundball, 4D, EV 97.5 MPH)
Batting: SHB Rafhlmil Torres 0-0: Ball
1-0: Fielders Choice at 2nd, 3-6 (Groundball, 3S, EV 81.9 MPH)
Batting: LHB Carlos Monteverde 0-0: Called Strike
0-1: Swinging Strike
0-2: Strikes out looking
Batting: RHB Ricardo Toro 0-0: Called Strike
0-1: Foul Ball, location: 5F
0-2: Foul Ball, location: 9LSF
0-2: Strikes out swinging
Bottom of the 8th over - 0 runs, 1 hit, 0 errors, 1 left on base; Los Angeles N (DSL) 16 - Colorado (DSL) 5
TOP OF THE 9TH
Los Angeles N (DSL) Dodgers batting - Pitching for Colorado (DSL) Rockies : RHP Jose Marcano
Pinch Hitting: RHB Daniel Mateo 0-0: Called Strike
0-1: Called Strike
0-2: Strikes out swinging
Batting: LHB Vladi Gomez 0-0: Ground out 6-3 (Groundball, 6, EV 81.3 MPH)
Batting: RHB Edison Isabella 0-0: Ball
1-0: Called Strike
1-1: Swinging Strike
1-2: Strikes out swinging
Top of the 9th over - 0 runs, 0 hits, 0 errors, 0 left on base; Los Angeles N (DSL) 16 - Colorado (DSL) 5
BOTTOM OF THE 9TH
Colorado (DSL) Rockies batting - Pitching for Los Angeles N (DSL) Dodgers : RHP Haminton Mendez
Now at C: Miguel Rodriguez
Batting: LHB Jancory De La Cruz 0-0: Swinging Strike
0-1: SINGLE (Groundball, 4MD, EV 103.8 MPH)
Batting: RHB Edwardo Espinal 0-0: Ball
1-0: Swinging Strike
1-1: Called Strike
1-2: Ball
2-2: Ball
3-2: Foul Ball, location: 2F
3-2: Base on Balls
Jancory De La Cruz to second
Batting: LHB Adrian Hoyte 0-0: Ball
1-0: Fly out, F8 (Flyball, 8LM, EV 86.3 MPH)
Batting: RHB Luis Hernandez 0-0: Foul Ball, location: 2F
0-1: Ball
1-1: Ball
2-1: Ball
3-1: SINGLE (Line Drive, 6M, EV 104.4 MPH)
Jancory De La Cruz to third
Edwardo Espinal to second
Batting: RHB Luis Arredondo 0-0: Ball
1-0: Called Strike
1-1: Swinging Strike
1-2: Ball
2-2: Grounds into fielders choice 6-2 (Groundball, 6, EV 68.8 MPH)
Edwardo Espinal to third
Luis Hernandez to second
Batting: SHB Johnny Ascanio 0-0: Ball
1-0: Ball
2-0: Foul Ball, location: 5DF
2-1: Swinging Strike
2-2: Foul Ball, location: 23F
2-2: Ball
3-2: Foul Ball, location: 23FF
3-2: Strikes out swinging
Bottom of the 9th over - 0 runs, 2 hits, 0 errors, 3 left on base; Los Angeles N (DSL) 16 - Colorado (DSL) 5
Friday, July 19th , 2024 - OOTP Baseball 24.11 Build 85